 Dungeon Crawl Stone Soup version 0.28-a0-1227-ga9037bb4c8 (webtiles) character file.

Game seed: 3461270582055681022

52 AarnesTheHuman the Shield-Bearer (level 3, 0/23 HPs)
             Began as a Gargoyle Fighter on Dec 22, 2021.
             Slain by a hobgoblin (7 damage)
             ... on level 2 of the Dungeon.
             The game lasted 00:01:51 (1778 turns).

AarnesTheHuman the Shield-Bearer (Gargoyle Fighter) Turns: 1778, Time: 00:01:52

Health: 0/23       AC: 11    Str: 21    XL:     3   Next: 85%
Magic:  3/3        EV:  9    Int:  8    God:
Gold:   65         SH:  4    Dex:  9    Spells: 2/2 levels left

rFire   . . .      SeeInvis .   a - +0 war axe
rCold   . . .      Faith    .   c - +0 buckler
rNeg    + . .      Spirit   .   b - +0 scale mail
rPois   ∞          Reflect  .   (no helmet)
rElec   +          Harm     .   n - +0 cloak
rCorr   .          Rampage  .   (no gloves)
Will    .....                   (no boots)
Stlth   ..........              (no amulet)
HPRegen 0.07/turn               (no ring)
MPRegen 0.08/turn               (no ring)

@: no status effects
A: sickness immunity, AC +3, negative energy resistance 1, electricity
resistance, torment resistance 1, petrification resistance
a: no special abilities


You were on level 2 of the Dungeon.
You visited 1 branch of the dungeon, and saw 2 of its levels.

You collected 65 gold pieces.

Inventory:

Hand Weapons
 a - a +0 war axe (weapon)
 h - a +0 short sword of draining
Missiles
 o - 39 stones (quivered)
 p - 8 poisoned darts
Armour
 b - a +0 scale mail (worn)
 c - a +0 buckler (worn)
 n - a +0 cloak (worn)
Magical Staves
 g - a staff of fire
Scrolls
 e - 2 scrolls of identify {unknown}
 f - a scroll of amnesia {unknown}
 i - a scroll of blinking {unknown}
 j - a scroll of teleportation {unknown}
 k - a scroll of brand weapon {unknown}
 l - 3 scrolls of fog {unknown}
Potions
 d - a potion of might
 m - a potion of curing


   Skills:
 - Level 3.2 Fighting
 + Level 3.1 Axes
 - Level 3.2 Armour
 - Level 4.0 Shields


You had 2 spell levels left.
You didn't know any spells.
Your spell library was empty.

Dungeon Overview and Level Annotations

Branches:
Dungeon (2/15)

Altars:


Innate Abilities, Weirdness & Mutations

You are immune to sickness and miasma.
Your stone body is resilient. (AC +3)
You are immune to poison.
You resist negative energy. (rN+)
You are resistant to electric shocks. (rElec)
You are resistant to unholy torment.
You are immune to petrification.


Message History

The adder bites you but does no damage.
The hobgoblin throws a boomerang.
The boomerang hits you.
You hit the adder.
The adder is severely wounded.
You block the adder's attack.
The hobgoblin throws a boomerang.
The boomerang hits you. You block the adder's attack.
You closely miss the adder.
The adder is severely wounded.
You hit the hobgoblin but do no damage.
The adder bites you but does no damage. x2
The hobgoblin hits you but does no damage.
You hit the adder.
The adder is almost dead.
You barely miss the hobgoblin. The adder barely misses you.
The hobgoblin hits you with a +0 hand axe.
The adder bites you but does no damage.
You slash the adder!
You kill the adder!
You closely miss the hobgoblin. You block the hobgoblin's attack.
The hobgoblin hits you with a +0 hand axe.
You are too injured to fight recklessly!
You are too injured to fight recklessly!
You barely miss the worm. You hit the hobgoblin.
The hobgoblin hits you but does no damage.
The worm bites you but does no damage.
You hit the worm.
The worm is lightly wounded.
You barely miss the hobgoblin.
The hobgoblin drinks a potion.
The hobgoblin is healed!
The worm bites you but does no damage.
You barely miss the worm. You barely miss the hobgoblin.
The hobgoblin barely misses you.
The hobgoblin hits you but does no damage.
You slash the worm!
The worm is heavily wounded.
You closely miss the hobgoblin. The worm bites you but does no damage.
The hobgoblin completely misses you.
You slash the worm!
You kill the worm!
You hit the hobgoblin.
The hobgoblin hits you with a +0 hand axe!
You die...

#.............#
..............######
..########.........#
..# #.........# .
#.........#
#.........#
#.........#
###.........#
#........@†.#
#......###g$.....
#......# .......
#......# .......
#......# .......
#......# .......
#......# .......
#......# .......


You could see a hobgoblin.

Vanquished Creatures
  An adder (D:2)
  A worm (D:2)
  3 dart slugs (D:1)
  A ball python (D:1)
  4 endoplasms (D:1)
  2 giant cockroaches (D:1)
  5 goblins
  A hobgoblin (D:1)
  A quokka (D:1)
  4 bats (D:1)
  A frilled lizard (D:1)
  8 kobolds
  4 rats
36 creatures vanquished.

Notes
Turn   | Place    | Note
-------+----------+-------------------------------------------
     0 | D:1      | AarnesTheHuman the Gargoyle Fighter began the quest for the
                  | Orb.
     0 | D:1      | Reached XP level 1. HP: 14/14 MP: 1/1
    36 | D:1      | Reached XP level 2. HP: 10/19 MP: 2/2
   187 | D:1      | Reached skill level 4 in Shields
   501 | D:1      | Reached XP level 3. HP: 21/23 MP: 3/3
  1361 | D:1      | Found a faded altar of an unknown god.
  1778 | D:2      | Slain by a hobgoblin

Illustrated notes

Levels and vault maps discovered:
D:1:      dpeg_arrival_rhombi, layout_basic,
          shapermc_ecumenical_altar_mp_highgroup
D:2:      layout_basic

Skill      XL: |  1  2  3 |
---------------+----------+-----
Shields        | 4 |  4.0
Axes           | 2 3 |  3.1
Fighting       | |  3.2
Armour         | |  3.2

Action                   || total
-------------------------++-------
Melee: War axe           ||    99
Armor: Scale mail        ||    78
Dodge: Dodged            ||    46
Block: Buckler           ||    32

Table legend: (Time is in decaauts)
 A = Elapsed time spent in this place.
 B = Non-inter-level travel time spent in this place.
 C = Inter-level travel time spent in this place.
 D = Time resting spent in this place.
 E = Time spent auto-exploring this place.
 F = Levels seen in this place.
 G = Mean time per level.
                   A        B        C        D        E       F      G
               +--------+--------+--------+--------+--------+-----+--------+
         Total |   1814 |   1649 |    165 |    691 |    703 |   2 |  907.0 |
       Dungeon |   1814 |   1649 |    165 |    691 |    703 |   2 |  907.0 |
               +--------+--------+--------+--------+--------+-----+--------+

Top non-repeatable levels by time:
     D:1: 1704 daAuts
     D:2: 110 daAuts
